 Dungeon Crawl Stone Soup version 0.20.1-1-g8b1a95d (webtiles) character file.

11196 kae the Spear-Bearer (level 11, -7/73 HPs)
             Began as a Gargoyle Fighter on Sept 24, 2017.
             Was an Initiate of Makhleb.
             Mangled by a phantasmal warrior (12 damage)
             ... led by a death knight
             ... on level 9 of the Dungeon.
             The game lasted 00:12:08 (10900 turns).

kae the Spear-Bearer (Gargoyle Fighter)            Turns: 10900, Time: 00:12:09

Health: -7/73      AC: 23    Str: 25    XL:     11   Next: 74%
Magic:  13/13      EV:  7    Int:  9    God:    Makhleb [......]
Gold:   246        SH: 10    Dex: 14    Spells: 10/10 levels left

rFire    . . .     SeeInvis .   a - +5 spear (freeze)
rCold    x . .     Gourm    .   c - +0 shield
rNeg     + + .     Faith    .   z - +0 scale mail
rPois    ∞         Spirit   .   (no helmet)
rElec    +         Reflect  .   x - +2 cloak
rCorr    .         Harm     .   (no gloves)
MR       .....                  o - +2 pair of boots
Stlth    ..........             u - amulet of regeneration
Regen    0.7/turn               C - ring "Iziughol" {rC- rN+ Str+2 Dex+5}
MPRegen  0.2/turn               w - ring of protection from magic

@: vulnerable
A: negative energy resistance 1, electricity resistance, unbreathing,
petrification resistance, rot immunity, AC +7
a: Renounce Religion


You were on level 9 of the Dungeon.
You worshipped Makhleb.
Makhleb was noncommittal.
You were hungry.

You visited 2 branches of the dungeon, and saw 11 of its levels.

You collected 468 gold pieces.
You spent 222 gold pieces at shops.

Inventory:

Hand Weapons
 a - a +5 spear of freezing (weapon)
 b - a +0 trident
 G - a +0 glaive
Armour
 c - a +0 shield (worn)
 o - a +2 pair of boots (worn)
 x - a +2 cloak (worn)
 z - a +0 scale mail (worn)
Jewellery
 q - a +5 amulet of reflection
 u - an amulet of regeneration (around neck)
 w - a ring of protection from magic (right hand)
 y - an uncursed amulet of faith
 C - the ring "Iziughol" (left hand) {rC- rN+ Str+2 Dex+5}
   (You bought it in a shop on level 7 of the Dungeon)

   [ring of dexterity]

   It affects your strength (+2).
   It affects your dexterity (+5).
   It makes you vulnerable to cold.
   It protects you from negative energy.
Wands
 n - a wand of flame (20/48)
 t - a wand of digging (2/24)
 B - a wand of flame (32/48)
 D - a wand of disintegration (5/24)
 K - a wand of random effects (22/48)
Scrolls
 g - a scroll of recharging
 k - 2 scrolls of remove curse
 v - 2 scrolls of teleportation
 A - 2 scrolls of fog
 E - 2 scrolls of enchant weapon
 J - 5 scrolls of identify
 M - a scroll of fear
Potions
 d - 4 potions of might
 e - a potion of haste
 i - 4 potions of lignification
 j - 3 potions of brilliance
 m - 2 potions of mutation
 p - 5 potions of curing
Books
 r - a book of Power

   Spells                             Type                      Level
   a - Iskenderun's Battlesphere      Conjuration/Charms           5
   b - Venom Bolt                     Conjuration/Poison           5
   c - Bolt of Magma                  Conjuration/Fire/Earth       5
   d - Iron Shot                      Conjuration/Earth            6
   e - Orb of Destruction             Conjuration                  7
   f - Spellforged Servitor           Conjuration/Summoning        7
 I - a book of Changes

   Spells                             Type                      Level
   a - Beastly Appendage              Transmutation                1
   b - Sticks to Snakes               Transmutation                2
   c - Spider Form                    Transmutation/Poison         3
   d - Ice Form                       Ice/Transmutation            4
   e - Blade Hands                    Transmutation                5
Comestibles
 f - 7 bread rations
 h - 6 meat rations
 l - 15 fruits
 s - 6 royal jellies


   Skills:
 + Level 10.4 Fighting
 * Level 11.8 Polearms
 + Level 10.3 Armour
 - Level 3.2 Shields
 + Level 2.8 Invocations


You had 10 spell levels left.
You didn't know any spells.

Dungeon Overview and Level Annotations

Branches:
Dungeon (10/15)            Temple (1/1) D:7            Lair (0/6) D:10
    Orc (0/2) D:9

Altars:
Ashenzari
Cheibriados
Dithmenos
Elyvilon
Fedhas
Gozag
Hepliaklqana
Kikubaaqudgha
Makhleb
Nemelex Xobeh
Okawaru
Qazlal
Ru
Sif Muna
Trog
Uskayaw
Vehumet
Xom
Yredelemnul
Zin
The Shining One

Shops:
D:7 *}

Annotations:
D:10 exclusion: oklob plant


Innate Abilities, Weirdness & Mutations

You are resistant to torment.
Your stone body is resilient. (AC +7)
You are immune to poison.
You resist negative energy. (rN+)
You are resistant to electric shocks. (rElec)
You can survive without breathing.
You are immune to petrification.
You are immune to rotting.


Message History

You hit the phantasmal warrior but do no damage.
The phantasmal warrior is almost destroyed.
The phantasmal warrior hits you!!
* * * LOW HITPOINT WARNING * * *
You barely miss the phantasmal warrior.
The phantasmal warrior is almost destroyed.
The phantasmal warrior hits you.
* * * LOW HITPOINT WARNING * * *
Your shield prevents you from hitting the phantasmal warrior.
The phantasmal warrior is almost destroyed.
You barely miss the phantasmal warrior.
The phantasmal warrior is almost destroyed.
The phantasmal warrior hits you.
* * * LOW HITPOINT WARNING * * *
You hit the phantasmal warrior but do no damage.
The phantasmal warrior is almost destroyed.
You barely miss the phantasmal warrior.
The phantasmal warrior is almost destroyed.
The phantasmal warrior hits you!
You die...

######## #......#
#......# #......#
#......#
##############......#
.............'..@W..#
#.############......#
#'### #......# ....#
#......# ....# #####
###'#### ....# #...#
#.# ....# #...# #.#
#.### #...# #.# #.#
#...# ###'#######


You could see a phantasmal warrior.

Vanquished Creatures
  Erolcha (D:8)
  2 two-headed ogres
  3 death yaks (D:10)
  Pikel (D:8)
  2 hippogriffs
  2 wraiths
  A human (D:8)
  3 hogs (D:8)
  Menkaure (D:7)
  7 yaks
  A hungry ghost (D:8)
  4 wargs (D:9)
  A water moccasin (D:10)
  A hornet zombie (D:8)
  4 orc warriors
  2 phantoms
  4 slaves (D:8)
  2 black bears
  An ogre (D:10)
  An eye of draining (D:9)
  2 big kobolds
  8 bullfrogs
  4 scorpions
  8 wights
  5 crimson imps
  2 centaur zombies
  A quasit (D:5)
  A bullfrog zombie (D:6)
  A centaur skeleton (D:4)
  5 orc priests
  7 hounds
  10 orc wizards
  3 bullfrog skeletons
  2 iguanas
  4 hell rats (D:10)
  6 worker ants
  A killer bee zombie (D:6)
  A worker ant zombie (D:9)
  7 gnolls
  13 adders
  2 river rats (D:10)
  2 shadow imps
  An adder zombie (D:9)
  6 worms
  A dart slug (D:4)
  4 leopard geckos
  36 orcs
  6 giant cockroaches
  3 goblins
  7 hobgoblins
  4 jackals (D:4)
  12 kobolds
  4 quokkas
  3 ball pythons
  5 bats
  6 frilled lizards
  A jackal skeleton (D:6)
  A leopard gecko zombie (D:7)
  A quokka skeleton (D:6)
  5 rats
  A plant (D:10)
246 creatures vanquished.

Vanquished Creatures (others)
  A hound (D:7)
  A kobold (D:7)
2 creatures vanquished.

Grand Total: 248 creatures vanquished

Notes
Turn   | Place    | Note
-------+----------+-------------------------------------------
     0 | D:1      | kae the Gargoyle Fighter began the quest for the Orb.
     0 | D:1      | Reached XP level 1. HP: 14/14 MP: 1/1
    88 | D:1      | Reached skill level 2 in Polearms
   304 | D:1      | Reached XP level 2. HP: 19/19 MP: 2/2
   939 | D:2      | Reached XP level 3. HP: 16/23 MP: 3/3
   953 | D:2      | Reached skill level 3 in Polearms
   964 | D:2      | Reached XP level 4. HP: 9/29 MP: 4/4
  1303 | D:2      | Found a blossoming altar of Fedhas.
  1987 | D:3      | Found a basalt altar of Yredelemnul.
  2149 | D:3      | Found a stormy altar of Qazlal.
  2151 | D:3      | Noticed a fire elemental
  2152 | D:3      | Noticed an air elemental
  2152 | D:3      | Noticed an earth elemental
  2152 | D:3      | Noticed a water elemental
  2222 | D:3      | Found an opulent altar of Gozag.
  2294 | D:3      | Reached XP level 5. HP: 31/33 MP: 5/5
  2622 | D:3      | Found a deep blue altar of Sif Muna.
  2691 | D:4      | Reached skill level 4 in Polearms
  2739 | D:4      | Found a radiant altar of Vehumet.
  2765 | D:4      | Reached XP level 6. HP: 24/39 MP: 6/6
  3613 | D:4      | Reached skill level 5 in Polearms
  3754 | D:4      | Reached XP level 7. HP: 44/44 MP: 7/7
  3790 | D:5      | Entered Level 5 of the Dungeon
  3795 | D:5      | Reached skill level 5 in Armour
  3903 | D:5      | Reached skill level 5 in Fighting
  4700 | D:5      | Found a shimmering altar of Xom.
  4867 | D:6      | Noticed a dagger
  4867 | D:6      | Noticed a dagger
  4886 | D:6      | Reached skill level 6 in Polearms
  4893 | D:6      | Reached XP level 8. HP: 34/50 MP: 8/8
  5219 | D:6      | Found a hide-covered altar of Uskayaw.
  5296 | D:6      | Found a sparkling altar of Nemelex Xobeh.
  5361 | D:6      | Reached skill level 7 in Polearms
  5408 | D:6      | Found a sacrificial altar of Ru.
  6009 | D:6      | Reached XP level 9. HP: 29/56 MP: 9/9
  6309 | D:7      | Found Yskostri's Gadget Emporium.
  6452 | D:7      | Reached skill level 8 in Polearms
  6514 | D:7      | Found Ophuenwi's Assorted Antiques.
  6526 | D:7      | Noticed Menkaure
  6537 | D:7      | Killed Menkaure
  6583 | D:7      | Bought a translucent iron ring for 185 gold pieces
  6583 | D:7      | Bought a scroll labeled MOPINW SAMP for 37 gold pieces
  6631 | D:7      | Identified the ring "Iziughol" {rC- rN+ Str+2 Dex+5} (You bought it in a shop on level 7 of the Dungeon)
  6633 | D:7      | Found a staircase to the Ecumenical Temple.
  6667 | Temple   | Entered the Ecumenical Temple
  6819 | D:7      | Reached skill level 9 in Polearms
  6833 | D:7      | Reached XP level 10. HP: 58/64 MP: 10/10
  7399 | D:7      | Found an iron altar of Okawaru.
  7929 | D:8      | Noticed Pikel
  7964 | D:8      | Killed Pikel
  8064 | D:8      | Reached skill level 10 in Polearms
  8297 | D:8      | Found a glowing silver altar of Zin.
  8489 | D:9      | Noticed Erolcha
  8495 | D:8      | HP: 2/66 [Erolcha/bolt of cold (30)]
  8496 | D:8      | Killed Erolcha
  8841 | D:9      | Reached XP level 11. HP: 61/71 MP: 0/11
  9039 | D:9      | Found a staircase to the Orcish Mines.
  9091 | D:9      | Noticed a two-headed ogre
  9119 | D:9      | Killed a two-headed ogre
  9119 | D:9      | Reached skill level 11 in Polearms
  9505 | D:9      | Found a burning altar of Makhleb.
  9521 | D:9      | Became a worshipper of Makhleb the Destroyer
  9765 | D:10     | Entered Level 10 of the Dungeon
  9811 | D:10     | Reached skill level 10 in Fighting
  9927 | D:10     | Noticed a death yak
  9932 | D:10     | Noticed a death yak
  9948 | D:10     | Noticed a death yak
  9954 | D:10     | Killed a death yak
  9954 | D:10     | Reached skill level 10 in Armour
  9954 | D:10     | Reached skill level 1 in Invocations
  9965 | D:10     | Killed a death yak
  9973 | D:10     | Killed a death yak
 10100 | D:10     | Found a staircase to the Lair.
 10238 | D:10     | Found a blossoming altar of Fedhas.
 10262 | D:10     | Noticed an oklob plant
 10284 | D:10     | HP: 1/73 [acid (15)]
 10345 | D:10     | Noticed a death knight
 10347 | D:10     | Noticed a phantasmal warrior
 10592 | D:10     | Noticed a two-headed ogre
 10605 | D:10     | Killed a two-headed ogre
 10900 | D:9      | Mangled by a phantasmal warrior

Skill      XL: |  1  2  3  4  5  6  7  8  9 10 11 |
---------------+----------------------------------+-----
Polearms       | 2 3 4 5 6 7 9 10 11 | 11.8
Armour         | 4 5 6 8 9 10 | 10.3
Fighting       | 4 5 6 8 9 10 | 10.4
Invocations    | 2 |  2.8
Shields        | |  3.2

Action                   |  1- 3 |  4- 6 |  7- 9 | 10-12 || total
-------------------------+-------+-------+-------+-------++-------
Melee: Trident           |    89 |   372 |   443 |       ||   904
       Spear             |       |       |   117 |   475 ||   592
  Use: Scroll            |       |     4 |     9 |     7 ||    20
       Potion            |       |       |     3 |     4 ||     7
 Stab: Invisible         |       |       |     2 |       ||     2
  Eat: Chunk             |       |     9 |    12 |    14 ||    35
Armor: Scale mail        |    32 |   177 |   194 |    77 ||   480
       Skin              |       |       |     9 |     3 ||    12
Dodge: Dodged            |    18 |    93 |    91 |    33 ||   235
Block: Shield            |    29 |   175 |   305 |   136 ||   645
       Reflection        |       |       |    13 |     8 ||    21
